AoeStats
← gimpygunman

Golden Pit

510082228Analyzed
1v1 RM · 4d ago on Sep 29, 2026· 25m 19s· 2 players
Game mode
Random Map
Map size
Tiny (2 player)
Population
200
Speed
Normal
Resources
Standard
Victory
Conquest
Starting age
Dark Age
Ending age
Imperial Age
RankedLock teamsTeams togetherTeam positionsShared explorationLock speedFull tech treeHidden civsTurbo modeCheats
Victory
Defeat
🇨🇳 Turks · China
720
+15
🇦🇺 Teutons · Australia
705
-15
gimpygunman
7:06 Loom
12:18 Feudal Age
12:45 Horse Collar
12:53 Double-Bit Axe
20:40 Castle Age
24:14 Bow Saw
猫神TRACK
11:25 Feudal Age
12:29 Double-Bit Axe
12:27 Horse Collar
20:00 Castle Age
18:11 Gold Mining
25:00 Imperial Age
25:32 Padded Archer Armor
26:18 Gold Shaft Mining
26:01 Bow Saw
25:55 Heavy Plow
Connection lost

Rejoining the realm…

Still unreachable

The connection could not be restored.

Session expired

The server has moved on; the page needs a fresh start.